 Dungeon Crawl Stone Soup version 0.31.0-9-g3a7656b989 (webtiles) character file.

Game seed: 17413730428609322723

569 qw the Nimble (level 7, -7/35 HPs)
             Began as a Spriggan Hunter on Feb 2, 2024.
             Killed by divine providence
             ... invoked by an orc priest
              (10 damage)
             ... on level 4 of the Dungeon.
             The game lasted 00:00:12 (2549 turns).

qw the Nimble (Spriggan Hunter)                     Turns: 2549, Time: 00:00:12

Health: -7/35      AC:  2    Str:  7    XL:     7   Next: 11%
Magic:  8/8        EV: 26    Int: 10    God:
Gold:   175        SH:  0    Dex: 27    Spells: 6/6 levels left

rFire   . . .        a - +0 shortbow (heavy)
rCold   . . .        (shield currently unavailable)
rNeg    . . .        c - +0 robe
rPois   .            (helmet restricted)
rElec   .            (no cloak)
rCorr   .            (gloves unavailable)
SInv    +            (boots unavailable)
Will    +....        (no amulet)
Stlth   +++          g - +6 ring of dexterity
HPRegen 0.25/turn    (no ring)
MPRegen 0.11/turn

%: no passive effects
@: hasted, very quick
A: very small, no large weapons, unfitting armour, see invisible, speed 3
a: no special abilities


You were on level 4 of the Dungeon.
You visited 1 branch of the dungeon, and saw 4 of its levels.

You collected 175 gold pieces.


Innate Abilities, Weirdness & Mutations

You are very small and have problems with some larger weapons.
You are too small for most types of armour.
You have supernaturally acute eyesight. (SInv)
You cover ground extremely quickly. (Speed+++)


   Skills:
 - Level 2.0 Fighting
 + Level 6.1 Ranged Weapons
 - Level 8.1 Dodging
 - Level 1.5 Stealth


You had 6 spell levels left.
You didn't know any spells.
Your spell library was empty.

Inventory:

Hand Weapons
 a - a +0 heavy shortbow (weapon)
Armour
 c - a +0 robe (worn)
Jewellery
 g - a +6 ring of dexterity (left hand)
Scrolls
 f - 2 scrolls of identify

Dungeon Overview and Level Annotations

Branches:
Dungeon (4/15)
 Temple: D:4-7

Altars:
Trog
Uskayaw
Wu Jian


Message History

The orc wizard casts a spell.
The orc wizard flickers and vanishes for a moment.
The orc completely misses you. The endoplasm freezes you.
You are frozen.
The orc priest closely misses you. The orc misses you.
2542 ||| DRINKING green potion.
It was a potion of haste.
You feel yourself speed up. The orc wizard closely misses you.
The orc misses you. The endoplasm misses you.
The orc priest begins to cast a cantrip, but forgets the words!
The orc barely misses you.
2543 ||| DRINKING brown potion.
It was a potion of magic.
Magic courses through your body. The orc wizard completely misses you.
The orc misses you. The endoplasm misses you.
The orc priest looks encouraged for a moment.
The orc completely misses you.
The orc wizard hits you with a +2 vampiric dagger.
The endoplasm freezes you.
You are frozen.
The orc completely misses you.
The orc priest hits you with a +0 falchion.
The orc priest looks braver for a moment.
The orc completely misses you. The orc wizard completely misses you.
The endoplasm completely misses you. The orc closely misses you.
The orc priest mumbles some strange prayers to Beogh against you.
Beogh smites you! The orc misses you. The orc completely misses you.
The endoplasm closely misses you. The orc wizard misses you.
The orc priest begins to cast a cantrip, but forgets the words! x2
The orc completely misses you.
You feel less confused.
You shoot an arrow. The arrow hits the orc wizard!
The orc wizard is almost dead.
The orc wizard completely misses you. The orc completely misses you.
The endoplasm completely misses you. The orc completely misses you.
The orc priest mumbles some strange prayers to Beogh against you.
Beogh smites you! The orc wizard completely misses you.
The orc priest mumbles some strange prayers to Beogh against you.
Beogh smites you!
You die...

##...##..# #######.##
#...... # #..# .......
### #..# ....... ..##
#..## .......
...######...## .......
##%....###...####.......
##...##........oo......
##.....)..#....@Jo.....
##.......#.#.###oo......
#............. oo##.....
.......#.......#r# ##..
.....#.#.......#.# .
....##.#.......#..
..##...#......)#.. .##
...# ... #.. ## ...#


You could see 2 orc priests, an orc wizard (invisible), 4 orcs, an endoplasm and
a quokka.

Vanquished Creatures
  Menkaure (D:3)
  A bullfrog (D:4)
  A scorpion (D:4)
  A hound (D:3)
  A bombardier beetle (D:4)
  An orc priest (D:4)
  Jessica (D:3)
  An iguana (D:4)
  An orc wizard (D:4)
  4 adders
  4 gnolls
  A ribbon worm (D:3)
  5 dart slugs
  10 orcs
  2 bats
  6 endoplasms
  A giant cockroach (D:3)
  4 goblins
  9 hobgoblins
  8 jackals (D:3)
  2 quokkas
  5 ball pythons
  3 frilled lizards
  3 kobolds
  2 rats (D:1)
78 creatures vanquished.

Notes
Turn   | Place    | Note
-------+----------+-------------------------------------------
     0 | D:1      | qw the Spriggan Hunter began the quest for the Orb.
     0 | D:1      | Reached XP level 1. HP: 10/10 MP: 2/2
     0 | D:1      | 0 ||| qw: Version: 0.3-a-155-g5e7d8dd
     0 | D:1      | 0 ||| qw: Game counter: 1226
     0 | D:1      | 0 ||| qw: Melee chars always use a shield: true
     0 | D:1      | 0 ||| qw: God list: Okawaru
     0 | D:1      | 0 ||| qw: Allow faded altars: false
     0 | D:1      | 0 ||| qw: Do Orc after clearing Dungeon:15 true
     0 | D:1      | 0 ||| qw: Do second Lair branch before Depths: true
     0 | D:1      | 0 ||| qw: Lair rune preference: random
     0 | D:1      | 0 ||| qw: Goals: Normal
     0 | D:1      | 0 ||| PLANNING D:1-11
    41 | D:1      | Reached skill level 3 in Dodging
   105 | D:1      | Reached skill level 4 in Dodging
   105 | D:1      | Reached XP level 2. HP: 14/14 MP: 3/3
   316 | D:1      | Found a faded altar of an unknown god.
   618 | D:1      | 618 ||| READING scroll labelled EXIMOS KEQOMI.
   619 | D:1      | 619 ||| READING scroll labelled ELIMIJ SUDDIM.
   620 | D:1      | 620 ||| READING scroll labelled GEZIKH PYKEONUDWI.
   620 | D:1      | 620 ||| IDENTIFYING dark potion
   621 | D:1      | 621 ||| DROPPING scroll of butterflies.
   622 | D:1      | 622 ||| DROPPING potion of attraction.
   709 | D:2      | Reached XP level 3. HP: 14/18 MP: 4/4
   746 | D:2      | 746 ||| READING scroll labelled COERGH EMYQIRY.
   746 | D:2      | 746 ||| ENCHANTING +0 shortbow.
   747 | D:2      | 747 ||| READING scroll labelled WECLUGAWNANNE.
  1037 | D:3      | Noticed Jessica
  1041 | D:3      | Killed Jessica
  1125 | D:3      | Reached XP level 4. HP: 22/22 MP: 5/5
  1233 | D:3      | Noticed a +0 falchion
  1234 | D:3      | Noticed a +0 short sword
  1235 | D:3      | Noticed a +0 dagger
  1235 | D:3      | Noticed a +0 falchion
  1235 | D:3      | Noticed a +0 short sword
  1236 | D:3      | Noticed a +0 dagger
  1236 | D:3      | Noticed a +0 spear
  1236 | D:3      | Noticed a +0 spear
  1237 | D:3      | 1237 ||| READING scroll labelled LUAPLYTOENU.
  1241 | D:3      | Found a hide-covered altar of Uskayaw.
  1284 | D:3      | Found a bloodstained altar of Trog.
  1336 | D:3      | Found an ornate altar of the Wu Jian Council.
  1436 | D:3      | Reached skill level 5 in Dodging
  1503 | D:3      | Reached XP level 5. HP: 26/26 MP: 6/6
  1744 | D:3      | 1744 ||| UPGRADING to +6 ring of dexterity.
  1745 | D:3      | 1745 ||| READING scroll labelled IDAITAXTEF.
  1745 | D:3      | 1745 ||| BRANDING +0 shortbow.
  1775 | D:4      | Noticed Menkaure
  1776 | D:4      | 1776 ||| STAIRDANCE
  1782 | D:3      | Killed Menkaure
  1783 | D:3      | Reached skill level 6 in Dodging
  1860 | D:4      | 1860 ||| STAIRDANCE
  1865 | D:3      | Reached XP level 6. HP: 24/30 MP: 7/7
  1893 | D:4      | 1893 ||| STAIRDANCE
  1902 | D:4      | 1902 ||| STAIRDANCE
  1921 | D:4      | 1921 ||| STAIRDANCE
  2009 | D:4      | HP: 5/30 [orc priest/divine providence (15)]
  2010 | D:4      | HP: 2/30 [orc priest/+0 dagger (3)]
  2186 | D:4      | Reached skill level 6 in Ranged Weapons
  2289 | D:4      | Reached skill level 7 in Dodging
  2336 | D:4      | Reached XP level 7. HP: 25/35 MP: 8/8
  2539 | D:4      | Reached skill level 8 in Dodging
  2541 | D:4      | 2541 ||| DRINKING yellow potion.
  2542 | D:4      | 2542 ||| DRINKING green potion.
  2543 | D:4      | 2543 ||| DRINKING brown potion.
  2549 | D:4      | HP: 3/35 [orc priest/divine providence (9)]
  2549 | D:4      | Killed from afar by an orc priest

Levels and vault maps discovered:
D:1:      elethiomel_arrival_shortcut, layout_basic,
          chequers_ecumenical_altar_island, minmay_pentomino_s4
D:2:      layout_rooms
D:3:      layout_basic, mainiacjoe_overflow_six_doors_small,
          mainiacjoe_overflow_paths, nicolae_uskayaw_en_pointe,
          minmay_diced_spiral, uniq_jessica
D:4:      cheibrodos_pilgrimage, layout_cave_pods, uniq_menkaure, uniq_natasha

Skill      XL: |  1  2  3  4  5  6  7 |
---------------+----------------------+-----
Dodging        | 4 5 6 7 8 |  8.1
Ranged Weapons | 5 6 |  6.1
Fighting       | 2 |  2.0
Stealth        | |  1.5

Action                     |  1- 3 |  4- 6 |  7- 9 || total
---------------------------+-------+-------+-------++-------
   Fire: Shortbow          |    80 |   129 |    12 ||   221
    Use: Scroll            |     5 |     2 |       ||     7
         Potion            |       |       |     3 ||     3
 Armour: Robe              |     4 |    23 |     3 ||    30
  Dodge: Dodged            |    17 |   131 |    31 ||   179

Table legend:
 A = Non-vault XP
 B = Vault XP
 C = Vault XP percentage of total XP
 D = Non-vault monster count
 E = Vault monster count
 F = Vault count percentage of total count
                 A         B        C        D         E       F
            +---------+---------+-------+---------+---------+-------
      Total |     570 |     243 |  29.9 |      69 |       9 |  11.5
            +---------+---------+-------+---------+---------+-------
        D:1 |      35 |       4 |  10.3 |      12 |       2 |  14.3
        D:2 |      17 |       0 |   0.0 |       8 |       0 |   0.0
        D:3 |     171 |     198 |  53.7 |      32 |       4 |  11.1
        D:4 |     347 |      41 |  10.6 |      17 |       3 |  15.0
            +---------+---------+-------+---------+---------+-------
